AoeStats
← roman428

Yucatan

510529484Analyzed
2v2 RM · 2d ago on Oct 1, 2026· 23m 23s· 4 players
Game mode
Random Map
Map size
Medium (4 player)
Population
200
Speed
Normal
Resources
Standard
Victory
Conquest
Starting age
Dark Age
Ending age
Imperial Age
RankedLock teamsTeams togetherTeam positionsShared explorationLock speedFull tech treeHidden civsTurbo modeCheats
Victory
Defeat
🇺🇦 Magyars · Ukraine
970
+17
🇺🇦 Shu · Ukraine
962
+17
🇨🇳 Romans · China
1006
-18
🇦🇷 Saxons · Argentina
964
-16
roman428
11:12 Feudal Age
15:35 Castle Age
14:14 Double-Bit Axe
14:11 Horse Collar
16:37 Bow Saw
20:00 Wheelbarrow
beccTpawHuu
5:56 Loom
11:03 Feudal Age
16:15 Castle Age
15:25 Double-Bit Axe
19:58 Bow Saw
19:42 Horse Collar
21:55 Forging
21:46 Scale Mail Armor
Hodor Noon
12:00 Feudal Age
10:17 Loom
12:36 Double-Bit Axe
16:19 Gold Mining
16:45 Stone Mining
20:20 Castle Age
19:26 Forging
19:17 Scale Mail Armor
19:37 Arson
19:51 Horse Collar
21:43 Bow Saw
21:36 Heavy Plow
22:17 Wheelbarrow
xuwg2001
0:32 Loom
10:47 Feudal Age
16:22 Castle Age
14:35 Double-Bit Axe
15:22 Man-at-Arms
18:10 Horse Collar
19:24 Heavy Plow
19:45 Bow Saw
21:34 Wheelbarrow
21:44 Scale Mail Armor
21:52 Town Watch
Connection lost

Rejoining the realm…

Still unreachable

The connection could not be restored.

Session expired

The server has moved on; the page needs a fresh start.